 Dungeon Crawl Stone Soup version 0.31-a0-986-g5e6e4ef867 (webtiles) character file.

Game seed: 15941207504913575443

4 gelatine the Shield-Bearer (level 1, -1/14 HPs)
             Began as a Demonspawn Wanderer on Nov 3, 2023.
             Frozen to death by an endoplasm (4 damage)
             ... on level 1 of the Dungeon.
             The game lasted 00:02:02 (227 turns).

gelatine the Shield-Bearer (Demonspawn Wanderer)     Turns: 227, Time: 00:02:03

Health: -1/14      AC:  2    Str: 11    XL:     1   Next: 58%
Magic:  0/3        EV:  7    Int: 16    God:
Gold:   7          SH:  4    Dex: 10    Spells: 3/4 levels left

rFire   . . .        j - +2 short sword (speed)
rCold   . . .        d - +0 buckler
rNeg    . . .        c - +0 robe
rPois   .            (no helmet)
rElec   .            (no cloak)
rCorr   .            (no gloves)
SInv    .            (no boots)
Will    .....        (no amulet)
Stlth   +            (no ring)
HPRegen 0.22/turn    (no ring)
MPRegen 0.08/turn

%: no passive effects
@: constricted
A: no striking features
a: no special abilities


You were on level 1 of the Dungeon.
You visited 1 branch of the dungeon, and saw 1 of its levels.

You collected 7 gold pieces.

Inventory:

Hand Weapons
 a - a +0 club
 g - a +1 dagger of flaming
 j - a +2 short sword of speed (weapon)
Armour
 c - a +0 robe (worn)
 d - a +0 buckler (worn)
 f - a +0 ring mail
Scrolls
 h - a scroll of immolation {unknown}
 i - a scroll of identify {unknown}
Potions
 b - a potion of lignification
 e - a potion of might {unknown}


   Skills:
 * Level 0.6 Fighting
 + Level 2.8 Shields
 * Level 2.1 Spellcasting
 + Level 2.6 Translocations
 * Level 1.7 Fire Magic


You had 3 spell levels left.
You knew the following spells:

 Your Spells              Type           Power      Damage    Failure   Level
a - Foxfire               Conj/Fire      16%        2x1d4     21%         1

Your spell library contained the following spells:

 Spells                   Type           Power      Damage    Failure   Level
 Apportation              Tloc           20%        N/A       10%         1
 Gell's Gravitas          Tloc           10%        N/A       28%         3
 Inner Flame              Hex/Fire       4%         N/A       52%         3
 Iskenderun's Mystic Bla  Conj/Tloc      5%         2d3       86%         4


Dungeon Overview and Level Annotations

Branches:
Dungeon (1/15)

Altars:


Message History

Your +1 dagger of flaming stops flaming.
Your hands tingle!
j - a +2 short sword of speed (weapon)
A ball python comes into view.
The ball python hisses angrily.
You conjure some foxfire!
An endoplasm comes into view.
You closely miss the ball python.
The foxfire hits the ball python.
The ball python is severely wounded.
The ball python closely misses you. You block the ball python's attack.
You conjure some foxfire!
The ball python bites you. The ball python grabs you.
The ball python constricts you. The ball python bites you.
The ball python constricts you.
You closely miss the ball python.
The ball python is severely wounded.
The foxfire hits the endoplasm.
The endoplasm is heavily wounded.
The foxfire hits the endoplasm.
The endoplasm is severely wounded.
You conjure some foxfire!
The ball python bites you. The ball python constricts you.
The foxfire hits the endoplasm but does no damage.
The endoplasm is severely wounded.
The ball python bites you. The ball python constricts you.
You barely miss the ball python.
The ball python is severely wounded.
The foxfire hits the endoplasm.
The endoplasm is almost dead.
The ball python barely misses you. The ball python constricts you.
You barely miss the endoplasm.
The endoplasm is almost dead.
The endoplasm freezes you.
You are frozen.
* * * LOW HITPOINT WARNING * * *
The ball python's grasp on you weakens, but your attempt to escape fails.
You block the ball python's attack. The ball python constricts you.
* * * LOW HITPOINT WARNING * * *
The endoplasm freezes you.
You are frozen.
You die...

#.# #.#.
#.# # #.
#.# # #.#
# . #.#
##. # #.#
... #.#
#.##
#.###...##
#..v@J...#
#####S..##
#......
.####. #


You could see an endoplasm and a ball python (ally target).

Vanquished Creatures
  An endoplasm (D:1)
  A hobgoblin (D:1)
  2 kobolds (D:1)
4 creatures vanquished.

Vanquished Creatures (others)
  16 foxfires (D:1)
16 creatures vanquished.

Grand Total: 20 creatures vanquished

Notes
Turn   | Place    | Note
-------+----------+-------------------------------------------
     0 | D:1      | gelatine the Demonspawn Wanderer began the quest for the
                  | Orb.
     0 | D:1      | gelatine set off with the following items: a +0 club, a
                  | potion of lignification, a +0 robe, a +0 buckler; and the
                  | following spells available to memorise: Apportation,
                  | Foxfire, Gell's Gravitas, Inner Flame, Iskenderun's Mystic
                  | Blast.
     0 | D:1      | Reached XP level 1. HP: 13/13 MP: 3/3
    15 | D:1      | Learned a level 1 spell: Foxfire
   227 | D:1      | Frozen to death by an endoplasm

Illustrated notes

Levels and vault maps discovered:
D:1:      minmay_arrival_open_corners, layout_loops_ring

Action                     || total
---------------------------++-------
  Melee: Dagger            ||     7
         Short sword       ||     4
   Cast: Foxfire           ||     9
 Armour: Robe              ||     8
  Dodge: Dodged            ||     7
  Block: Buckler           ||     3

Table legend: (Time is in decaauts)
 A = Elapsed time spent in this place.
 B = Non-inter-level travel time spent in this place.
 C = Inter-level travel time spent in this place.
 D = Time resting spent in this place.
 E = Time spent auto-exploring this place.
 F = Levels seen in this place.
 G = Mean time per level.
                   A        B        C        D        E       F      G
               +--------+--------+--------+--------+--------+-----+--------+
         Total |    225 |    225 |      0 |      0 |    157 |   1 |  225.0 |
       Dungeon |    225 |    225 |      0 |      0 |    157 |   1 |  225.0 |
               +--------+--------+--------+--------+--------+-----+--------+

Top non-repeatable levels by time:
     D:1: 225 daAuts
